 Dungeon Crawl Stone Soup version 0.29.1-2-gbd0b4ee654 (webtiles) character file.

Game seed: 3228920952047075798

56 raph the Stinger (level 3, -2/24 (26) HPs)
             Began as a Draconian Venom Mage on Nov 3, 2022.
             Slain by Crazy Yiuf
             ... wielding a +4 quarterstaff of chaos
              (9 damage)
             ... on level 2 of the Dungeon.
             The game lasted 00:04:30 (2310 turns).

raph the Stinger (Draconian Venom Mage)             Turns: 2310, Time: 00:04:31

HP:   -2/24 (26)    AC:  5    Str: 10    XL:     3   Next: 69%
MP:   6/6           EV: 12    Int: 17    God:
Gold: 81            SH:  0    Dex: 11    Spells: 0/6 levels left

rFire   . . .      SeeInvis .   d - +0 dagger
rCold   . . .      Faith    .   (no shield)
rNeg    . . .      Spirit   .   (body armour unavailable)
rPois   .          Reflect  .   (helmet restricted)
rElec   .          Harm     .   (no cloak)
rCorr   .          Rampage  .   (no gloves)
Will    .....                   (no boots)
Stlth   ++........              g - amulet of magic regeneration
HPRegen 0.08/turn               (no ring)
MPRegen 0.50/turn               (no ring)

@: mighty, drained
A: AC +5, unfitting armour, cold-blooded
a: no special abilities


You were on level 2 of the Dungeon.
You visited 1 branch of the dungeon, and saw 2 of its levels.

You collected 81 gold pieces.

Inventory:

Hand Weapons
 d - a +0 dagger (weapon)
Jewellery
 g - an amulet of magic regeneration (around neck)
Potions
 a - a potion of magic
 b - a potion of invisibility {unknown}
 c - a potion of ambrosia
 e - a potion of heal wounds {unknown}
 f - a potion of haste {unknown}
 h - a potion of curing {unknown}


   Skills:
 - Level 1.7 Dodging
 - Level 1.7 Stealth
 - Level 2.0 Spellcasting
 + Level 0.0 Conjurations
 - Level 1.0 Transmutations
 + Level 4.7 Poison Magic


You couldn't memorise any spells.
You knew the following spells:

 Your Spells              Type           Power      Damage    Failure   Level
a - Sting                 Tmut/Pois      44%        1d5       6%          1
b - Poisonous Vapours     Pois/Air       18%        N/A       11%         2
c - Mephitic Cloud        Conj/Pois/Air  7%         N/A       30%         3

Your spell library contained the following spells:

 Spells                   Type           Power      Damage    Failure   Level
 Necrotise                Necr           4%         1d4       19%         1
 Shock                    Conj/Air       4%         1d3       19%         1
 Slow                     Hex            4%         N/A       19%         1
 Olgreb's Toxic Radiance  Pois           17%        N/A       28%         4
 Confusing Touch          Hex            1%         N/A       50%         3
 Swiftness                Air            1%         N/A       50%         3
 Vampiric Draining        Necr           1%         2d6       50%         3
 Airstrike                Air            0%         2d(1-17)  88%         4
 Agony                    Necr           1%         N/A       99%         5


Dungeon Overview and Level Annotations

Branches:
Dungeon (2/15)

Altars:

Annotations:
D:2 Crazy Yiuf


Innate Abilities, Weirdness & Mutations

Your plain brown scales are hard. (AC +5)
You cannot fit into any form of body armour.
You are cold-blooded and may be slowed by cold attacks.


Message History

Aim: a giant cockroach (heavily wounded, poisoned, 71% to hit)
The sting hits the giant cockroach.
The giant cockroach looks even sicker.
You kill the giant cockroach!
You start resting.
Magic restored.
HP restored.
You see here a giant cockroach corpse.
Found a club.
i - a scroll labelled PUEROEFR QYUZ
As you read the scroll labelled PUEROEFR QYUZ, it crumbles to dust.
The air around you briefly surges with heat, but it dissipates.
It was a scroll of immolation.
You aren't carrying any scrolls.
You start waiting.
Done waiting.
Found a hammer.
Found a runed translucent door.
Crazy Yiuf shouts!
You open the door.
Aiming: Sting (safe; 6% risk of failure)
Press: ? - help, Q - select action, (/) - cycle Shift-Dir - straight line, f - Crazy Yiuf
Aim: Crazy Yiuf, wielding a +4 quarterstaff of chaos and wearing a +0 cloak (75% to hit)
The sting hits Crazy Yiuf.
Crazy Yiuf is poisoned.
Crazy Yiuf is lightly wounded.
Crazy Yiuf hits you with a +4 quarterstaff of chaos!
You feel drained.
Aiming: Sting (safe; 6% risk of failure)
Press: ? - help, Q - select action, (/) - cycle Shift-Dir - straight line, f/p - Crazy Yiuf
Aim: Crazy Yiuf, wielding a +4 quarterstaff of chaos and wearing a +0 cloak (lightly wounded, poisoned, 75% to hit)
The sting misses Crazy Yiuf.
Crazy Yiuf hits you with a +4 quarterstaff of chaos!
You feel very mighty all of a sudden. Crazy Yiuf attacks as you move away!
Crazy Yiuf closely misses you. Crazy Yiuf attacks as you move away!
Crazy Yiuf hits you with a +4 quarterstaff of chaos.
Crazy Yiuf freezes you.
* * * LOW HITPOINT WARNING * * *
You closely miss Crazy Yiuf. You tail-slap Crazy Yiuf!
Crazy Yiuf is severely wounded.
Crazy Yiuf hits you with a +4 quarterstaff of chaos!
You die...

#########
#.......##
##.####...#
##..# #....#
#..## #....#
#.## ♣PPP.♣
#.# ♣.P.♣♣
#.# ♣♣@♣♣ #.#
♣g♣♣ #.# ♣♣.♣
#.# ♣.♣♣ #.#
♣♣.♣ ###.#
#'#
######...##
...
##.......#.##
#...#
.......#.##.#
#..)#


You could see Crazy Yiuf (poisoned).

Vanquished Creatures
  A gnoll (D:1)
  2 dart slugs (D:1)
  6 endoplasms
  2 giant cockroaches
  4 goblins (D:1)
  3 hobgoblins (D:1)
  3 jackals (D:1)
  3 quokkas
  2 ball pythons (D:1)
  3 bats (D:1)
  2 frilled lizards
  5 kobolds
  2 rats (D:1)
38 creatures vanquished.

Notes
Turn   | Place    | Note
-------+----------+-------------------------------------------
     0 | D:1      | raph the Draconian Venom Mage began the quest for the Orb.
     0 | D:1      | Reached XP level 1. HP: 14/14 MP: 3/3
   162 | D:1      | Reached XP level 2. HP: 19/20 MP: 0/5
  1102 | D:1      | Reached skill level 4 in Poison Magic
  1113 | D:1      | Learned a level 2 spell: Poisonous Vapours
  1289 | D:1      | Reached XP level 3. HP: 19/26 MP: 0/6
  2078 | D:2      | Noticed a black bear
  2094 | D:2      | Learned a level 3 spell: Mephitic Cloud
  2299 | D:2      | Found a runed translucent door.
  2300 | D:2      | Noticed Crazy Yiuf
  2310 | D:2      | Slain by Crazy Yiuf

Illustrated notes

Levels and vault maps discovered:
D:1:      dpeg_arrival_tiny_d, layout_rooms, minivault_25, minmay_quantized
D:2:      layout_loops_ring, serial_shops, nicolae_shop_bloodbath_and_beyond,
          uniq_terence, uniq_crazy_yiuf_cottage

Skill      XL: |  1  2 |
---------------+-------+-----
Poison Magic   | 4 |  4.7
Dodging        | |  1.7
Stealth        | |  1.7
Spellcasting   | |  2.0
Transmutations | |  1.0

Action                   || total
-------------------------++-------
Melee: Dagger            ||    14
       Tailslap          ||     3
       Unarmed           ||     1
 Cast: Sting             ||    62
       Poisonous Vapours ||    12
  Use: Scroll            ||     7
Armor: Skin              ||    22
Dodge: Dodged            ||    48
